 Dungeon Crawl Stone Soup version 0.28.0-45-g0d030f2227 (webtiles) character file.

Game seed: 14151188042183765862

28 MisterFreud the Changer (level 2, -1/34 HPs)
             Began as a Draconian Transmuter on Apr 13, 2022.
             Succumbed to a goblin's poison
             ... on level 1 of the Dungeon.
             The game lasted 00:00:55 (628 turns).

MisterFreud the Changer (Draconian Transmuter)       Turns: 628, Time: 00:00:55

Health: -1/34      AC:  4    Str: 12    XL:     2   Next: 96%
Magic:  4/5        EV: 12    Int: 13    God:
Gold:   3          SH:  0    Dex: 11    Spells: 4/5 levels left

rFire   . . .      SeeInvis .     - Unarmed
rCold   . . .      Faith    .   (no shield)
rNeg    . . .      Spirit   .   (armour unavailable)
rPois   .          Reflect  .   (helmet currently unavailable)
rElec   .          Harm     .   (no cloak)
rCorr   .          Rampage  .   (no gloves)
Will    .....                   (boots currently unavailable)
Stlth   ..........              (no amulet)
HPRegen 0.11/turn               (no ring)
MPRegen 0.09/turn               (no ring)

@: berserking (expiring), lethally poisoned (-1 -> -13), appendages (expiring),
very quick
A: horns 2, talons 2, AC +4, unfitting armour, cold-blooded
a: End Transformation


You were on level 1 of the Dungeon.
You had temporarily grown beastly horns and talons.
You visited 1 branch of the dungeon, and saw 2 of its levels.

You collected 3 gold pieces.

Inventory:

Scrolls
 b - a scroll of enchant weapon {unknown}
 c - a scroll of enchant armour {unknown}


   Skills:
 - Level 1.1 Fighting
 - Level 1.7 Dodging
 - Level 3.0 Unarmed Combat
 - Level 2.0 Spellcasting
 + Level 3.5 Transmutations


You had 4 spell levels left.
You knew the following spells:

 Your Spells              Type           Power      Damage    Failure   Level
a - Beastly Appendage     Tmut           20%        N/A       6%          1

Your spell library contained the following spells:

 Spells                   Type           Power      Damage    Failure   Level
 Wereblood                Tmut           10%        N/A       9%          2
 Spider Form              Tmut/Pois      5%         N/A       36%         3
 Ice Form                 Ice/Tmut       5%         N/A       77%         4


Dungeon Overview and Level Annotations

Branches:
Dungeon (2/15)

Altars:


Innate Abilities, Weirdness & Mutations

You have temporarily grown beastly horns and talons.
Your plain brown scales are hard. (AC +4)
You cannot fit into any form of body armour.
You are cold-blooded and may be slowed by cold attacks.


Message History

The slug dart hits you.
Your transformation is almost over.
The endoplasm hits you but does no damage.
You hit the endoplasm.
You kill the endoplasm!
You hit the goblin. Your headbutt misses the goblin.
The goblin is moderately wounded.
You feel yourself speed up.
The goblin hits you with a +2 dagger of venom.
You are poisoned.
The goblin hits you but does no damage.
You are lethally poisoned!
Unknown command.
It was a potion of berserk rage.
A red film seems to cover your vision as you go berserk!
You feel yourself moving faster!
You feel mighty!
You feel very sick.
The goblin hits you with a +2 dagger of venom.
You are more poisoned.
You punch the goblin!
You kill the goblin!
You feel very sick.
* * * LOW HITPOINT WARNING * * *
You feel very sick. The dart slug bites you.
* * * LOW HITPOINT WARNING * * *
Things that are here:
a +2 dagger of venom; a goblin corpse You hit the dart slug.
You claw the dart slug.
You kill the dart slug!
* * * LOW HITPOINT WARNING * * *
You feel very sick.
* * * LOW HITPOINT WARNING * * *
You feel very sick.
You feel a strong urge to attack something.
* * * LOW HITPOINT WARNING * * *
You feel sick.
Things that are here:
a +2 dagger of venom; a goblin corpse You die...

...... ....(..>.....###.
###################### #. #. #.
#. ####. # ###.... #.###
####..##.. # .. #.@##
###.....##.. #..#
###)####.......##.. ## ###.##
#.#.'#............ .# ##.....##
#.####.........##.. .#
##.......###. ##.........##..
.###...#
#...######..........##.. #..#..#
#....#..............# ###...##
##..#....#...........#
##.....###...#######............


There were no monsters in sight!

Vanquished Creatures
  A gnoll (D:2)
  A dart slug (D:1)
  3 ball pythons (D:1)
  A bat (D:1)
  2 endoplasms
  2 goblins
  A hobgoblin (D:2)
  2 jackals (D:2)
  A quokka (D:1)
14 creatures vanquished.

Notes
Turn   | Place    | Note
-------+----------+-------------------------------------------
     0 | D:1      | MisterFreud the Draconian Transmuter began the quest for
                  | the Orb.
     0 | D:1      | Reached XP level 1. HP: 16/16 MP: 3/3
    39 | D:1      | You fall into a shaft and drop 1 floor!
   209 | D:2      | Reached XP level 2. HP: 5/23 MP: 5/5
   627 | D:1      | HP: 1/34 [poisoned by a goblin]
   628 | D:1      | Succumbed to a goblin's poison

Illustrated notes

Levels and vault maps discovered:
D:1:      dpeg_cavernosity, layout_loops_ring, serial_bayou_pond_d
D:2:      layout_loops_corners, nicolae_ecumenical_lake_church,
          minmay_misc_feat_ornament, cheibrodos_gnoll_hut

Skill      XL: |  1 |
---------------+----+-----
Transmutations | 3 |  3.5
Fighting       | |  1.1
Dodging        | |  1.7
Unarmed Combat | |  3.0
Spellcasting   | |  2.0

Action                   || total
-------------------------++-------
Melee: Unarmed           ||    37
       Kick              ||     7
       Headbutt          ||     2
       Tailslap          ||     2
 Cast: Beastly Appendage ||     9
  Use: Potion            ||     1
Armor: Skin              ||    11
Dodge: Dodged            ||    23
